 Dungeon Crawl Stone Soup version 0.29.1-1-gd02db6906a (webtiles) character file.

Game seed: 778959693713013173

29 GigaChad the Conjurer (level 3, 0/19 HPs)
             Began as a Deep Elf Conjurer on Sept 29, 2022.
             Slain by a hobgoblin (4 damage)
             ... on level 2 of the Dungeon.
             The game lasted 00:01:48 (1118 turns).

GigaChad the Conjurer (Deep Elf Conjurer)           Turns: 1118, Time: 00:01:49

Health: 0/19       AC:  2    Str:  4    XL:     3   Next: 1%
Magic:  5/10       EV: 12    Int: 24    God:
Gold:   44         SH:  0    Dex: 13    Spells: 7/10 levels left

rFire   . . .      SeeInvis .   (no weapon)
rCold   . . .      Faith    .   (no shield)
rNeg    . . .      Spirit   .   a - +0 robe
rPois   .          Reflect  .   (no helmet)
rElec   .          Harm     .   (no cloak)
rCorr   .          Rampage  .   (no gloves)
Will    .....                   (no boots)
Stlth   ++........              (no amulet)
HPRegen 0.06/turn               (no ring)
MPRegen 0.12/turn               (no ring)

@: no status effects
A: no striking features
a: no special abilities


You were on level 2 of the Dungeon.
You visited 1 branch of the dungeon, and saw 2 of its levels.

You collected 44 gold pieces.

Inventory:

Armour
 a - a +0 robe (worn)
Jewellery
 e - a ring of poison resistance
Scrolls
 c - a scroll of enchant weapon {unknown}
 d - a scroll of fear {unknown}
 h - a scroll of teleportation {unknown}
Potions
 b - a potion of magic
 f - a potion of cancellation {unknown}
 g - a potion of degeneration {unknown}


   Skills:
 - Level 2.6 Dodging
 - Level 2.4 Stealth
 + Level 4.0 Spellcasting
 - Level 4.8 Conjurations


You had 7 spell levels left.
You knew the following spells:

 Your Spells              Type           Power      Damage    Failure   Level
a - Magic Dart            Conj           100%       1d8       1%          1
b - Searing Ray           Conj           56%        2d6       1%          2

Your spell library contained the following spells:

 Spells                   Type           Power      Damage    Failure   Level
 Dazzling Flash           Conj/Hex       32%        N/A       11%         3
 Fulminant Prism          Conj/Hex       8%         3d7       34%         4
 Iskenderun's Mystic Bla  Conj/Tloc      16%        2d5       34%         4


Dungeon Overview and Level Annotations

Branches:
Dungeon (2/15)

Altars:

Shops:
D:1 !


Message History

Your Spellcasting skill increases to level 4!
You have reached level 3!
Your experience leads to an increase in your attributes!
Increase (S)trength, (I)ntelligence, or (D)exterity?
You feel clever. x2
You closely miss the hobgoblin. The hobgoblin closely misses you.
You hit the hobgoblin but do no damage.
The hobgoblin hits you but does no damage.
Unknown command.
You hit the hobgoblin but do no damage. The hobgoblin hits you.
You hit the hobgoblin but do no damage. The hobgoblin closely misses you.
You hit the hobgoblin.
The hobgoblin is moderately wounded.
The hobgoblin barely misses you.
You barely miss the hobgoblin.
The hobgoblin is moderately wounded.
The hobgoblin hits you.
You hit the hobgoblin but do no damage.
The hobgoblin is moderately wounded.
The hobgoblin hits you.
You hit the hobgoblin but do no damage.
The hobgoblin is moderately wounded.
The hobgoblin misses you.
You hit the hobgoblin but do no damage.
The hobgoblin is moderately wounded.
The hobgoblin barely misses you.
You closely miss the hobgoblin.
The hobgoblin is moderately wounded.
The hobgoblin barely misses you.
You hit the hobgoblin.
The hobgoblin is heavily wounded.
The hobgoblin misses you.
You barely miss the hobgoblin.
The hobgoblin is heavily wounded.
The hobgoblin hits you.
* * * LOW HITPOINT WARNING * * *
You hit the hobgoblin but do no damage.
The hobgoblin is heavily wounded.
The hobgoblin hits you.
You die...

.........
###.......## ##
#..........# ...
#..........#
....#.........(#
.............#
#..g.......# #
#@....†.#
#.##......#
.#.........#
.............#
.............#
.....#†......#
..####[.....<# .
#.......#
#......##


You could see a hobgoblin.

Vanquished Creatures
  An adder (D:2)
  3 ball pythons (D:1)
  3 endoplasms (D:1)
  2 giant cockroaches (D:1)
  A goblin (D:1)
  2 quokkas (D:1)
  A bat (D:1)
  2 frilled lizards
  A kobold (D:1)
  4 rats
20 creatures vanquished.

Notes
Turn   | Place    | Note
-------+----------+-------------------------------------------
     0 | D:1      | GigaChad the Deep Elf Conjurer began the quest for the Orb.
     0 | D:1      | Reached XP level 1. HP: 10/10 MP: 6/6
   519 | D:1      | Reached XP level 2. HP: 15/15 MP: 5/8
   598 | D:1      | Learned a level 2 spell: Searing Ray
   854 | D:1      | Found Xafuan's Distillery.
  1106 | D:2      | Reached XP level 3. HP: 14/19 MP: 3/10
  1118 | D:2      | Slain by a hobgoblin

Illustrated notes

Levels and vault maps discovered:
D:1:      nzn_arrival_depleted_hourglass, layout_basic, serial_shops,
          shop_fountains
D:2:      layout_rooms, ebering_ecumenical_altar_petrified, interstate_on_off,
          kennysheep_potato

Skill      XL: |  1  2 |
---------------+-------+-----
Spellcasting   | 4 |  4.0
Dodging        | |  2.6
Stealth        | |  2.4
Conjurations   | |  4.8

Action                   || total
-------------------------++-------
Melee: Unarmed           ||    14
 Cast: Magic Dart        ||    39
  Use: Scroll            ||     1
Armor: Robe              ||     1
Dodge: Dodged            ||     7
